 Dungeon Crawl Stone Soup version 0.29-a0-284-gf9362112df (webtiles) character file.

Game seed: 13081582745134282267

1710 sammy202020 the Skirmisher (level 8, 0/96 HPs)
             Began as a Demonspawn Berserker on Mar 31, 2022.
             Was an Elder of Trog.
             Slain by an ice beast (2 damage)
             ... on level 6 of the Dungeon.
             The game lasted 00:11:40 (6434 turns).

sammy202020 the Skirmisher (Demonspawn Berserker)   Turns: 6434, Time: 00:11:40

Health: 0/96       AC: 20    Str: 20    XL:     8   Next: 74%
Magic:  8/8        EV:  8    Int:  9    God:    Trog [****..]
Gold:   410        SH:  9    Dex: 12    Spells: 7/7 levels left

rFire   . . .      SeeInvis +   w - +1 hand axe (vamp)
rCold   . . .      Faith    .   m - +0 buckler
rNeg    . . .      Spirit   .   v - +1 chain mail
rPois   +          Reflect  .   (no helmet)
rElec   .          Harm     .   t - +2 cloak {rCorr}
rCorr   +          Rampage  .   (no gloves)
Will    .....                   (no boots)
Stlth   ..........              (no amulet)
HPRegen 0.26/turn               i - ring of poison resistance
MPRegen 0.11/turn               p - ring of see invisible

@: berserking, corroded, sanguine armoured, studying Maces & Flails, very quick
A: hooves 2, icemail 1, sanguine armour 1, condensation shield
a: Renounce Religion, Berserk, Trog's Hand, Brothers in Arms


You were on level 6 of the Dungeon.
You worshipped Trog.
Trog was greatly pleased with you.
You visited 1 branch of the dungeon, and saw 6 of its levels.

You collected 410 gold pieces.

Inventory:

Hand Weapons
 w - a +1 vampiric hand axe (weapon)
 A - a +2 flail of draining
Missiles
 j - 3 throwing nets
 o - 4 boomerangs (quivered)
 s - 8 poisoned darts
Armour
 m - a +0 buckler (worn)
 t - a +2 cloak of preservation (worn)
 v - a +1 chain mail (worn)
 B - a +2 leather armour of positive energy
Jewellery
 i - a ring of poison resistance (left hand)
 p - a ring of see invisible (right hand)
 u - a ring of fire
Wands
 f - a wand of polymorph (3)
Scrolls
 b - a scroll of enchant armour
 d - 5 scrolls of identify
 h - 2 scrolls of enchant weapon
 n - a scroll of amnesia
 x - 2 scrolls of fear {unknown}
 y - 2 scrolls of fog
 z - a scroll of blinking {unknown}
Potions
 a - a potion of degeneration {unknown}
 c - a potion of berserk rage
 e - a potion of curing
 g - a potion of lignification
 k - a potion of attraction {unknown}
 l - a potion of cancellation {unknown}
 q - a potion of invisibility {unknown}
 r - 4 potions of brilliance


   Skills:
 * Level 6.2 Fighting
 * Level 5.6 Axes
 * Level 5.2 Armour
 + Level 3.8 Dodging
 * Level 4.0 Shields


You had 7 spell levels left.
You didn't know any spells.
Your spell library was empty.

Dungeon Overview and Level Annotations

Branches:
Dungeon (6/15)
 Temple: D:4-7

Altars:
Fedhas
Gozag
Nemelex Xobeh
Okawaru
Sif Muna
Xom


Innate Abilities, Weirdness & Mutations

You have hoof-like feet.
A meltable icy envelope protects you from harm. (AC +4)
When seriously injured, your blood forms armour. (AC +6)
A meltable shield of frost defends you. (SH +4)


Message History

The ice beast hits you but does no damage.
You hit the ice beast but do no damage. Your kick misses the ice beast.
The ice beast is heavily wounded.
The ice beast hits you but does no damage.
You hit the ice beast but do no damage.
You kick the ice beast, but do no damage.
The ice beast is heavily wounded.
The ice beast hits you. The ice beast freezes you!
You are too injured to fight recklessly!
You are too injured to fight recklessly!
You are too injured to fight recklessly!
You are too injured to fight recklessly!
You are too injured to fight recklessly!
You are too injured to fight recklessly!
You are too injured to fight recklessly!
You are too injured to fight recklessly!
Okay, then.
You hit the ice beast but do no damage. You kick the ice beast.
The ice beast is heavily wounded.
The ice beast hits you. The ice beast freezes you!
* * * LOW HITPOINT WARNING * * *
You hit the ice beast but do no damage. Your kick misses the ice beast.
The ice beast is heavily wounded.
The ice beast hits you but does no damage.
You closely miss the ice beast.
The ice beast is heavily wounded.
The ice beast hits you but does no damage. x2
You barely miss the ice beast. Your kick misses the ice beast.
The ice beast is heavily wounded.
The ice beast hits you.
* * * LOW HITPOINT WARNING * * *
The ice beast freezes you!
* * * LOW HITPOINT WARNING * * *
A red film seems to cover your vision as you go berserk!
You feel yourself moving faster!
You feel mighty! The ice beast barely misses you.
You barely miss the ice beast. You kick the ice beast!
The ice beast is almost dead.
The ice beast hits you.
You die...

### ..# ######### #.#
#.....".# #.# #$......#
#.# ###
##.......####.########..
.!...................'..
#.....Y@......########..
#.........##### #..
#...........# #..
#.........#.# #..
#.........#.# #..
#.......### # ###
#.>...... ##$#.....


You could see an ice beast.

Vanquished Creatures
  Edmund (D:5)
  Duvessa (D:6)
  2 sky beasts (D:5)
  An orc warrior (D:5)
  A black bear (D:5)
  An ogre (D:4)
  Blork the orc (D:5)
  A scorpion (D:5)
  2 necrophages
  Dowan (D:6)
  A howler monkey (D:4)
  A hound (D:5)
  A jelly (D:6)
  4 orc priests (D:5)
  Crazy Yiuf (D:5)
  A gnoll shaman (D:4)
  3 iguanas
  An orc wizard (D:4)
  Robin (D:3)
  7 adders
  13 gnolls (D:4)
  A white imp (D:3)
  2 ufetubi (D:5)
  A worm (D:2)
  The ghost of soylentgreeen202 the Sneak, a weakling NaDe (D:5)
  The ghost of Splishie the Chucker, a weakling GnWn (D:4)
  4 dart slugs
  18 orcs
  5 ball pythons
  9 bats
  5 endoplasms
  3 giant cockroaches
  14 goblins
  18 hobgoblins
  4 jackals (D:3)
  6 quokkas
  6 frilled lizards
  7 kobolds
  3 rats (D:1)
154 creatures vanquished.

Vanquished Creatures (others)
  6 plants (D:4)
6 creatures vanquished.

Grand Total: 160 creatures vanquished

Notes
Turn   | Place    | Note
-------+----------+-------------------------------------------
     0 | D:1      | sammy202020 the Demonspawn Berserker began the quest for
                  | the Orb.
     0 | D:1      | Reached XP level 1. HP: 18/18 MP: 1/1
   192 | D:1      | Gained mutation: When seriously injured, your blood forms
                  | armour. (AC +6) [demonic ancestry]
   192 | D:1      | Reached XP level 2. HP: 9/24 MP: 2/2
   565 | D:1      | Found a faded altar of an unknown god.
   880 | D:1      | Reached ** piety under Trog
   881 | D:1      | Gained mutation: A meltable shield of frost defends you.
                  | (SH +4) [demonic ancestry]
   881 | D:1      | Reached XP level 3. HP: 29/29 MP: 3/3
  2079 | D:2      | Gained mutation: A meltable icy envelope protects you from
                  | harm. (AC +4) [demonic ancestry]
  2079 | D:2      | Reached XP level 4. HP: 34/37 MP: 4/4
  2571 | D:3      | Found an opulent altar of Gozag.
  2641 | D:3      | Reached *** piety under Trog
  2701 | D:3      | Found an iron altar of Okawaru.
  2723 | D:3      | Noticed Robin
  2730 | D:3      | Killed Robin
  2731 | D:3      | Reached skill level 4 in Fighting
  2741 | D:3      | Gained mutation: You have large cloven feet. [demonic
                  | ancestry]
  2741 | D:3      | Reached XP level 5. HP: 34/42 MP: 5/5
  3710 | D:4      | Gained mutation: You have hoof-like feet. [demonic
                  | ancestry]
  3710 | D:4      | Reached XP level 6. HP: 38/49 MP: 6/6
  3803 | D:4      | Reached skill level 1 in Shields
  3995 | D:4      | Reached **** piety under Trog
  4131 | D:4      | Found a transporter.
  4137 | D:4      | Found a transporter.
  4157 | D:4      | Noticed Splishie's ghost (weakling GnWn)
  4184 | D:4      | Killed Splishie's ghost
  4409 | D:4      | Found a sparkling altar of Nemelex Xobeh.
  4427 | D:4      | Reached XP level 7. HP: 55/55 MP: 7/7
  4455 | D:4      | Found a shimmering blue altar of Sif Muna.
  4505 | D:4      | Found a shimmering altar of Xom.
  4783 | D:5      | Entered Level 5 of the Dungeon
  4793 | D:5      | Reached skill level 5 in Fighting
  5060 | D:5      | Noticed Edmund
  5086 | D:5      | Found a runed translucent gate.
  5086 | D:5      | Found a runed translucent gate.
  5086 | D:5      | Found a runed translucent gate.
  5088 | D:5      | Noticed soylentgreeen202's ghost (weakling NaDe)
  5098 | D:5      | Killed soylentgreeen202's ghost
  5325 | D:5      | Reached XP level 8. HP: 41/63 MP: 8/8
  5470 | D:5      | Killed Edmund
  5471 | D:5      | Reached skill level 5 in Axes
  5611 | D:5      | Noticed Blork the orc
  5627 | D:5      | Killed Blork the orc
  5840 | D:5      | Found a runed translucent door.
  5841 | D:5      | Noticed Crazy Yiuf
  5923 | D:5      | Found a blossoming altar of Fedhas.
  5982 | D:5      | Killed Crazy Yiuf
  5983 | D:5      | Reached skill level 6 in Fighting
  6087 | D:6      | Noticed Dowan
  6087 | D:6      | Noticed Duvessa
  6103 | D:6      | Killed Dowan
  6104 | D:6      | Reached skill level 5 in Armour
  6109 | D:6      | Killed Duvessa
  6432 | D:6      | HP: 1/64 [ice beast (9)]
  6434 | D:6      | Slain by an ice beast

Illustrated notes

Levels and vault maps discovered:
D:1:      zaba_arrival_water, layout_loops_ring,
          hellmonk_ecumenical_altar_crossroads, minmay_vboxes
D:2:      layout_basic, chequers_mini_garden
D:3:      minmay_evil_eye, layout_loops_ring, lemuel_round_altar,
          grunt_gozag_statues, kennysheep_donut, minmay_fractal_squares_5,
          uniq_robin
D:4:      layout_rooms, led_sif_book, mainiacjoe_overflow_big_doors,
          gammafunk_ghost_gnarly_gnolls, columned_hall_lemuel, minmay_pentangle
D:5:      layout_cave_pools, fedhas_altar_1, ebering_ghost_rock_garden,
          minmay_misc_feat_square, uniq_edmund, uniq_crazy_yiuf_cottage,
          uniq_blork_the_orc
D:6:      layout_basic, minmay_temple_entry_slanted, uniq_pikel, uniq_duvessa

Skill      XL: |  1  2  3  4  5  6  7  8 |
---------------+-------------------------+-----
Armour         | 2 3 4 5 |  5.2
Axes           | 3 4 5 |  5.6
Dodging        | 2 3 |  3.8
Fighting       | 4 5 6 |  6.2
Shields        | 1 3 4 |  4.0

Action                   |  1- 3 |  4- 6 |  7- 9 || total
-------------------------+-------+-------+-------++-------
Melee: Hand axe          |   133 |       |   200 ||   333
       War axe           |    10 |   178 |    16 ||   204
       Kick              |       |    22 |    62 ||    84
       Unarmed           |       |    19 |       ||    19
Throw: Boomerang         |       |       |     4 ||     4
Invok: Berserk           |     2 |     1 |     3 ||     6
       Trog's Hand       |     1 |     2 |     1 ||     4
  Use: Scroll            |       |    11 |       ||    11
       Potion            |       |     4 |       ||     4
Armor: Leather armour    |    47 |       |       ||    47
       Ring mail         |     3 |    13 |       ||    16
       Chain mail        |       |    91 |   108 ||   199
       Skin              |       |     7 |       ||     7
Dodge: Dodged            |    74 |   104 |    58 ||   236
Block: Buckler           |    24 |    82 |    80 ||   186
       Other             |     4 |     5 |       ||     9

Table legend: (Time is in decaauts)
 A = Elapsed time spent in this place.
 B = Non-inter-level travel time spent in this place.
 C = Inter-level travel time spent in this place.
 D = Time resting spent in this place.
 E = Time spent auto-exploring this place.
 F = Levels seen in this place.
 G = Mean time per level.
                   A        B        C        D        E       F      G
               +--------+--------+--------+--------+--------+-----+--------+
         Total |   6598 |   6238 |    360 |    107 |   4727 |   6 | 1099.7 |
       Dungeon |   6598 |   6238 |    360 |    107 |   4727 |   6 | 1099.7 |
               +--------+--------+--------+--------+--------+-----+--------+

Top non-repeatable levels by time:
     D:1: 1420 daAuts
     D:4: 1361 daAuts
     D:5: 1334 daAuts
     D:3: 1090 daAuts
     D:2: 1038 daAuts
     D:6: 354 daAuts
